 Dungeon Sprint DCSS version 0.19-a0-1922-g1e9a4c1 (webtiles) character file.

146 poirepourri the Covert (level 5, 0/24 HPs)
             Began as a Spriggan Enchanter on Oct 24, 2016.
             Killed from afar by a deep elf mage (24 damage)
             ... with a bolt of cold
             ... in the Dungeon (Sprint III: "The Ten Rune Challenge").
             The game lasted 00:01:14 (351 turns).

poirepourri the Covert (Spriggan Enchanter)          Turns: 351, Time: 00:01:15

Health: 0/24       AC:  3    Str:  4    XL:     5   Next: 7%
Magic:  14/14      EV: 21    Int: 17    God:
Gold:   24         SH:  0    Dex: 17    Spells: 5 memorised, 3 levels left

rFire  . . .     SeeInvis +     m - +0 dagger (venom)
rCold  . . .     Gourm    .     b - +1 robe
rNeg   . . .     Faith    .     (shield restricted)
rPois  .         Spirit   .     (helmet restricted)
rElec  .         Reflect  .     (no cloak)
rCorr  .         Harm     .     (gloves unavailable)
MR     +....     NoTele   +     (boots unavailable)
Stlth  +++++.....               (no amulet)
                                (no ring)
                                (no ring)

@: very quick
A: unfitting armour, see invisible, herbivore 3, speed 3, magic resistance 1,
slow metabolism 2
a: no special abilities


You were in the Dungeon.
You were not hungry.

You visited 1 branch You collected 24 gold pieces.

Inventory:

Hand Weapons
 m - a +0 dagger of venom (weapon)
Armour
 b - a +1 robe (worn)
Scrolls
 j - a scroll of blinking
 n - 3 scrolls of remove curse
Potions
 e - a potion of curing
 f - a potion of heal wounds
 g - a potion of haste
 h - 2 potions of magic
 i - a potion of berserk rage
 k - 2 potions of mutation
 q - 3 potions of flight
 r - a potion of cure mutation
Books
 c - a book of Maledictions

   Spells                             Type                      Level
   a - Corona                         Hexes                        1
   b - Ensorcelled Hibernation        Hexes/Ice                    2
   c - Confuse                        Hexes                        3
   d - Tukima's Dance                 Hexes                        3
   e - Dazzling Spray                 Conjuration/Hexes            3
 l - a book of Cantrips

   Spells                             Type                      Level
   a - Confusing Touch                Hexes                        1
   b - Animate Skeleton               Necromancy                   1
   c - Summon Small Mammal            Summoning                    1
   d - Apportation                    Translocation                1
Comestibles
 d - a bread ration
 o - a fruit


   Skills:
 + Level 2.0 Short Blades
 + Level 5.9 Dodging
 + Level 10.5 Stealth
 + Level 5.6 Spellcasting
 + Level 7.6 Hexes


You had 3 spell levels left.
You knew the following spells:

 Your Spells              Type           Power        Failure   Level  Hunger
a - Corona                Hex            ####...      1%          1    None
b - Ensorcelled Hibernat  Hex/Ice        ###...       4%          2    #......
c - Confuse               Hex            ####....     1%          3    ##.....
d - Tukima's Dance        Hex            ####....     1%          3    ##.....
e - Dazzling Spray        Conj/Hex       ###...       10%         3    ##.....


Dungeon Overview and Level Annotations

Branches:
Dungeon (1/1)

Altars:
Elyvilon
Kikubaaqudgha
Sif Muna
Vehumet
Zin
The Shining One


Innate Abilities, Weirdness & Mutations

You are very small and have problems with some larger weapons.
You are too small for most types of armour.
You have supernaturally acute eyesight. (SInv)
You are a herbivore.
You cover ground extremely quickly.
You need consume almost no food.
You are resistant to hostile enchantments. (MR+)


Message History

Your +0 dagger of venom begins to drip with poison!
m - a +0 dagger of venom (weapon)
There is a fountain of clear blue water here.
Drop what? 17/52 slots (_ for help) (? for menu, Esc to quit)
Okay, then.
Drop what? 17/52 slots (_ for help) (? for menu, Esc to quit)
You drop a +1 dagger.
There is a fountain of clear blue water here.
You open the door.
Found three altars.
A deep elf mage comes into view.
It is wielding a long sword of holy wrath.
Found a potion of heal wounds.
There is an open door here.
The helpless deep elf mage fails to defend itself.
You skewer the deep elf mage like a kebab!!!
The deep elf mage is almost dead.
The deep elf mage points at you and mumbles some strange words.
The bolt of cold hits you!
Ouch! That really hurt!
You die...

▓▓▓▓▓ ▓▓▓ #...####
##.#####
#......#####..#___#
#..†....#%.#..#e@.#
##.##...#..#..###'#+###+#
##.###..##'#..#..........
###.##..###.÷.'.⌠........
#..##..####...#...######+
...##..###....#.⌠.#
..##...##.....#..)#
.##....#......#'###
###..##.#.....#.[)#


You could see a deep elf mage.

Vanquished Creatures
  A water elemental (D)
  A wizard (D)
  A human (D)
  A kobold demonologist (D)
  A wolf (D)
  2 oozes (D)
  2 rats (D)
9 creatures vanquished.

Vanquished Creatures (others)
  A draconian scorcher (D)
  6 hellions (D)
  A yaktaur (D)
  A plant (D)
9 creatures vanquished.

Grand Total: 18 creatures vanquished

Notes
Turn   | Place    | Note
-------+----------+-------------------------------------------
     0 | D        | poirepourri the Spriggan Enchanter began the quest for the Orb.
     0 | D        | Reached XP level 1. HP: 9/9 MP: 5/5
    10 | D        | Reached skill level 5 in Stealth
    12 | D        | Reached XP level 2. HP: 13/13 MP: 7/7
    51 | D        | Learned a level 2 spell: Ensorcelled Hibernation
    68 | D        | Reached skill level 6 in Stealth
    78 | D        | Reached skill level 5 in Hexes
    86 | D        | Reached skill level 7 in Stealth
    86 | D        | Reached XP level 3. HP: 16/16 MP: 5/9
   139 | D        | Killed a hellion
   140 | D        | Killed a hellion
   162 | D        | Killed a hellion
   165 | D        | Killed a yaktaur
   192 | D        | Killed a hellion
   209 | D        | Killed a hellion
   271 | D        | Gained mutation: You are resistant to hostile enchantments. (MR+) [potion of beneficial mutation]
   282 | D        | Killed a hellion
   298 | D        | Noticed a water elemental
   301 | D        | Killed a water elemental
   301 | D        | Reached skill level 5 in Dodging
   301 | D        | Reached skill level 9 in Stealth
   301 | D        | Reached skill level 5 in Spellcasting
   301 | D        | Reached XP level 4. HP: 21/21 MP: 10/12
   306 | D        | Learned a level 3 spell: Confuse
   310 | D        | Learned a level 3 spell: Tukima's Dance
   314 | D        | Learned a level 3 spell: Dazzling Spray
   318 | D        | Found a radiant altar of Vehumet.
   318 | D        | Found a deep blue altar of Sif Muna.
   318 | D        | Found an ancient bone altar of Kikubaaqudgha.
   318 | D        | Noticed a wizard
   320 | D        | Killed a wizard
   320 | D        | Reached skill level 10 in Stealth
   322 | D        | Reached XP level 5. HP: 24/24 MP: 14/14
   340 | D        | Killed a white draconian scorcher
   344 | D        | Found a glowing silver altar of Zin.
   344 | D        | Found a glowing golden altar of the Shining One.
   344 | D        | Found a white marble altar of Elyvilon.
   349 | D        | Noticed a deep elf mage
   351 | D        | Killed from afar by a deep elf mage

Vault maps used:
D:        dungeon_sprint_mu

Skill      XL: |  1  2  3  4 |
---------------+-------------+-----
Stealth        | 5 7 9 10 | 10.5
Spellcasting   | 3 4 5 |  5.6
Hexes          | 4 5 7 |  7.6
Dodging        | 4 5 |  5.9
Short Blades   | 2 |  2.0

Action                   |  1- 3 |  4- 6 || total
-------------------------+-------+-------++-------
Melee: Dagger            |     8 |     3 ||    11
 Cast: Ensorcelled Hiber |     1 |       ||     1
  Use: Scroll            |     7 |       ||     7
       Potion            |     1 |       ||     1
 Stab: Sleeping          |     7 |     3 ||    10
Dodge: Dodged            |     1 |       ||     1
